 Dungeon Crawl Stone Soup version 0.29-a0-284-gf9362112df (webtiles) character file.

Game seed: 2809861601140279333

18 Krypt the Digger (level 2, 19/19 HPs)
             Began as a Formicid Earth Elementalist on Mar 28, 2022.
             Quit the game on level 1 of the Dungeon.
             The game lasted 00:05:17 (960 turns).

Krypt the Digger (Formicid Earth Elementalist)       Turns: 960, Time: 00:05:18

Health: 19/19      AC:  2    Str: 12    XL:     2   Next: 85%
Magic:  5/5        EV: 12    Int: 14    God:
Gold:   31         SH:  0    Dex: 11    Spells: 4/5 levels left

rFire   . . .      SeeInvis +   (no weapon)
rCold   . . .      Faith    .   (no shield)
rNeg    . . .      Spirit   .   b - +0 robe
rPois   .          Reflect  .   (helmet unavailable)
rElec   .          Harm     .   (no cloak)
rCorr   .          Rampage  .   (no gloves)
Will    .....                   (no boots)
Stlth   ++........              (no amulet)
HPRegen 0.06/turn               (no ring)
MPRegen 0.09/turn               (no ring)

@: no status effects
A: permanent stasis, dig shafts and tunnels, antennae 3, four strong arms
a: Dig, Shaft Self


You were on level 1 of the Dungeon.
You visited 1 branch of the dungeon, and saw 1 of its levels.

You collected 31 gold pieces.

Inventory:

Missiles
 a - 12 stones
Armour
 b - a +0 robe (worn)
Potions
 c - a potion of magic
 d - a potion of mutation {unknown}


   Skills:
 + Level 1.8 Dodging
 + Level 2.7 Stealth
 + Level 2.2 Spellcasting
 + Level 1.1 Transmutations
 + Level 4.5 Earth Magic


You had 4 spell levels left.
You knew the following spells:

 Your Spells              Type           Power      Damage    Failure   Level
a - Sandblast             Erth           28%        2d8       3%          1

Your spell library contained the following spells:

 Spells                   Type           Power      Damage    Failure   Level
 Passwall                 Tmut/Erth      7%         N/A       11%         2
 Stone Arrow              Conj/Erth      14%        3d7       28%         3
 Petrify                  Tmut/Erth      9%         N/A       58%         4


Dungeon Overview and Level Annotations

Branches:
Dungeon (1/15)

Altars:


Innate Abilities, Weirdness & Mutations

You cannot be hasted, slowed, berserked, paralysed or teleported.
You can dig through walls and to a lower floor.
You have a pair of large antennae on your head. (SInv)
Your four strong arms can wield two-handed weapons with a shield.


Message History

You are not religious.
Okay, then.
Unknown command.
Unknown command.
Unknown command.
Okay, then.
As you open the door, it creaks loudly!
There is an open door here.
You open the door.
A goblin comes into view. It is wielding a +0 club.
A goblin is nearby!
A goblin is nearby!
A goblin is nearby!
A goblin is nearby!
A goblin is nearby!
The goblin shouts!
You hear a shout!
There is an open door here.
Found a chain mail.
A goblin comes into view. It is wielding a +0 club.
The goblin hits you but does no damage.
You hit the goblin.
The goblin is moderately wounded.
The goblin barely misses you.
You hit the goblin.
You kill the goblin!
Things that are here:
a +0 club; a goblin corpse You closely miss the goblin.
You punch the goblin.
The goblin is moderately wounded.
The goblin hits you but does no damage.
You barely miss the goblin.
The goblin is moderately wounded.
The goblin barely misses you.
You hit the goblin.
You kill the goblin!
No target in view!
No target in view!
Unknown command.
Unknown command.
Are you sure you want to abandon this character and quit the game? (Confirm with "yes".)

................
#.##.......#...####.#
####....................
........................
........................
..........####....##....
..........# #....##..##
..........####....##...#
......)@).'............#
..........####........#.
.......#### #.#..##.#.#
....... #####'##.##....
....... #......#.##.#.#
...[... #......#.###.#.
....... #......#..###.#
###+#.. #......'..##...
#......#..###.#


There were no monsters in sight!

Vanquished Creatures
  3 giant cockroaches (D:1)
  3 hobgoblins (D:1)
  2 ball pythons (D:1)
  2 bats (D:1)
  3 goblins (D:1)
  3 rats (D:1)
16 creatures vanquished.

Notes
Turn   | Place    | Note
-------+----------+-------------------------------------------
     0 | D:1      | Krypt the Formicid Earth Elementalist began the quest for
                  | the Orb.
     0 | D:1      | Reached XP level 1. HP: 13/13 MP: 3/3
     6 | D:1      | Noticed a wolf
     6 | D:1      | Noticed an iguana
     7 | D:1      | Noticed a salamander
     7 | D:1      | Noticed a polar bear
   143 | D:1      | Reached skill level 4 in Earth Magic
   175 | D:1      | Reached XP level 2. HP: 16/19 MP: 1/5
   960 | D:1      | Quit the game

Illustrated notes

Levels and vault maps discovered:
D:1:      onia_arrival_zoo_common, layout_basic, shapermc_ecumenical_altar_gd,
          kennysheep_crisscross, minmay_distorted

Skill      XL: |  1 |
---------------+----+-----
Earth Magic    | 4 |  4.5
Dodging        | |  1.8
Stealth        | |  2.7
Spellcasting   | |  2.2
Transmutations | |  1.1

Action                   || total
-------------------------++-------
Melee: Unarmed           ||     6
       Punch             ||     1
 Cast: Sandblast         ||    18
Armor: Robe              ||     4
Dodge: Dodged            ||    12

Table legend: (Time is in decaauts)
 A = Elapsed time spent in this place.
 B = Non-inter-level travel time spent in this place.
 C = Inter-level travel time spent in this place.
 D = Time resting spent in this place.
 E = Time spent auto-exploring this place.
 F = Levels seen in this place.
 G = Mean time per level.
                   A        B        C        D        E       F      G
               +--------+--------+--------+--------+--------+-----+--------+
         Total |    960 |    960 |      0 |    455 |    356 |   1 |  960.0 |
       Dungeon |    960 |    960 |      0 |    455 |    356 |   1 |  960.0 |
               +--------+--------+--------+--------+--------+-----+--------+

Top non-repeatable levels by time:
     D:1: 960 daAuts
